 Dungeon Crawl Stone Soup version 0.19-b1-3-g7dea586 (webtiles) character file.

42 cedor the Cudgeler (level 3, -4/27 HPs)
             Began as a Demonspawn Gladiator on Oct 28, 2016.
             Was a Follower of Nemelex Xobeh.
             Slain by an ice beast (5 damage)
             ... on level 2 of the Dungeon.
             The game lasted 00:09:39 (1775 turns).

cedor the Cudgeler (Demonspawn Gladiator)           Turns: 1775, Time: 00:09:41

Health: -4/27      AC:  6    Str: 15    XL:     3   Next: 35%
Magic:  4/4        EV: 12    Int: 10    God:    Nemelex Xobeh [*.....]
Gold:   112        SH:  0    Dex: 13    Spells: 0 memorised, 2 levels left

rFire  . . .     SeeInvis .     a - +0 flail
rCold  + . .     Gourm    .     p - +0 ring mail
rNeg   . . .     Faith    .     (no shield)
rPois  .         Spirit   .     c - +0 helmet
rElec  .         Reflect  .     (no cloak)
rCorr  .         Harm     .     (no gloves)
MR     .....                    (no boots)
Stlth  ++........               (no amulet)
                                l - ring of protection from cold
                                (no ring)

@: lethally poisoned (-4 -> -7)
A: talons 1, nightstalker 1
a: Renounce Religion


You were on level 2 of the Dungeon.
You worshipped Nemelex Xobeh.
Nemelex Xobeh was aware of your devotion.
You were not hungry.

You visited 1 branch of the dungeon, and saw 3 of its levels.

You collected 112 gold pieces.


Innate Abilities, Weirdness & Mutations

You have sharp toenails.
You are slightly more attuned to the shadows.


   Skills:
 - Level 2.0 Fighting
 * Level 3.3 Maces & Flails
 - Level 1.7 Throwing
 + Level 3.1 Dodging
 + Level 0.2 Stealth
 + Level 1.6 Invocations


You had 2 spell levels left.
You didn't know any spells.

Inventory:

Hand Weapons
 a - a +0 flail (weapon)
Missiles
 d - 3 throwing nets {=f}
Armour
 c - a +0 helmet (worn)
 g - a +0 leather armour
 p - a +0 ring mail (worn)
Jewellery
 l - a ring of protection from cold (right hand)
Wands
 h - a wand of disintegration (0/24)
Scrolls
 b - a scroll of recharging {unknown}
 i - a scroll of identify {unknown}
 n - a scroll of random uselessness {unknown}
Potions
 e - a potion of cure mutation {unknown}
 j - 3 potions of curing {unknown}
 k - a potion of invisibility
Comestibles
 f - 3 bread rations
 m - a slice of pizza
 o - 2 meat rations

Dungeon Overview and Level Annotations

Branches:
Dungeon (3/15)

Altars:
Nemelex Xobeh
Qazlal
Sif Muna
Trog

▒.▒ ▒.▒▒▒▒▒▒. ▒.▒▒▒.▒▒▒▒▒▒.
▒.▒.........#
▒▒▒▒▒▒▒.▒....#.#..#
▒▒▒▒▒▒▒▒▒▒.......▒...≈≈#≈#..
▒▒....................≈▒▒#▒▒≈
▒....^....▒.▒▒▒▒.....#.▒≈≈###
▒..▒▒▒▒▒.▒▒.▒▒.........▒#8>≈▒
▒..▒ ▒....6Y.......##▒≈_.≈▒
▒..▒ ▒▒▒▒.▒▒.▒▒....##▒#≈≈≈≈
▒..▒ ▒..........#≈#▒▒▒.# ▒..▒
▒▒▒ ▒▒▒▒.▒.....≈≈≈≈..#≈
▒..▒▒▒.▒▒ ▒....▒.▒▒...#≈≈.≈..
▒.....▒.▒▒▒<▒▒▒▒.▒▒..........
▒▒.▒.▒▒▒.▒▒.▒ ▒...▒▒▒▒▒▒▒▒..
▒..▒▒ ▒▒▒▒▒▒▒▒▒▒▒.▒ ▒..
▒▒▒.▒▒▒▒...▒...▒▒.▒ ▒..


You could see an ice beast.


Message History

The ice beast is blasted.
Evoking this partially-identified wand wasted a few charges.
The ice beast misses you.
Evoke which item? (* to show all) (? for menu, Esc to quit)
Zapping:
h - a wand of disintegration {zapped: 10} (will waste charges)
Press: ? - help, Shift-Dir - straight line, f/p - ice beast
Aim: an ice beast (severely wounded, chance to defeat MR: 65%) Nothing appears to happen.
You feel sick. The ice beast hits you. The ice beast freezes you. You resist.
* * * LOW HITPOINT WARNING * * *
Evoke which item? (* to show all) (? for menu, Esc to quit)
Okay, then.
Use which ability? (? or * to list)
Okay, then.
You hit the ice beast.
You claw the ice beast, but do no damage.
The ice beast is almost dead.
The ice beast hits you.
* * * LOW HITPOINT WARNING * * *
The ice beast freezes you. You resist.
* * * LOW HITPOINT WARNING * * *
You closely miss the ice beast.
You claw the ice beast, but do no damage.
The ice beast is almost dead.
* * * LOW HITPOINT WARNING * * *
You feel sick. The ice beast hits you.
* * * LOW HITPOINT WARNING * * *
The ice beast freezes you. You resist.
You die...
Your body disappears without a glow.

Action                   || total
-------------------------++-------
Melee: Flail             ||    76
       Kick              ||    14
Evoke: Deck              ||     5
       Wand              ||     4
  Use: Scroll            ||     1
       Potion            ||     1
 Stab: Sleeping          ||     2
  Eat: Chunk             ||     3
Armor: Leather armour    ||     7
       Ring mail         ||    19
Dodge: Dodged            ||    63

Vault maps used:
D:1:      dpeg_arrival_more_subterranean_lakeside_camping, nemelex_altar_shiori
D:2:      marbit_many_paths, nicolae_qazlal_general_emergency,
          lemuel_round_altar, first_bread, serial_bayou_pond_d
D:3:      overflow_temple_1_default

Notes
Turn   | Place    | Note
-------+----------+-------------------------------------------
     0 | D:1      | cedor the Demonspawn Gladiator began the quest for the Orb.
     0 | D:1      | Reached XP level 1. HP: 16/16 MP: 1/1
    75 | D:1      | Found a sparkling altar of Nemelex Xobeh.
    83 | D:1      | Became a worshipper of Nemelex Xobeh the Trickster
   139 | D:1      | Received a gift from Nemelex Xobeh
   429 | D:1      | Reached skill level 3 in Maces & Flails
   429 | D:1      | Reached skill level 1 in Invocations
   429 | D:1      | Gained mutation: You have sharp toenails. [demonic ancestry]
   429 | D:1      | Reached XP level 2. HP: 22/22 MP: 1/3
   437 | D:1      | Reached skill level 3 in Dodging
   873 | D:3      | Noticed an ice beast
  1155 | D:2      | Found a stormy altar of Qazlal.
  1195 | D:2      | Gained mutation: You are slightly more attuned to the shadows. [demonic ancestry]
  1195 | D:2      | Reached XP level 3. HP: 20/27 MP: 4/4
  1252 | D:2      | Reached * piety under Nemelex Xobeh
  1263 | D:2      | Found a deep blue altar of Sif Muna.
  1743 | D:2      | Found a bloodstained altar of Trog.
  1775 | D:2      | HP: 2/27 [poisoned by a kobold]
  1775 | D:2      | Slain by an ice beast

Vanquished Creatures
  A gnoll (D:1)
  An adder (D:2)
  A leopard gecko (D:1)
  An orc (D:1)
  A giant cockroach (D:2)
  A goblin (D:1)
  2 hobgoblins
  2 bats
  3 frilled lizards (D:2)
  3 kobolds (D:2)
  6 rats
22 creatures vanquished.

Vanquished Creatures (collateral kills)
  3 orcs (D:3)
3 creatures vanquished.

Grand Total: 25 creatures vanquished
